Sabres vs Thrashers

Created - January 4 2011 at 18:12

Goals
1 2 3 T
Sabres 1 0 3 4
Thrashers 1 1 4 6
Shots
1 2 3 T
Sabres 11 8 8 27
Thrashers 10 8 8 26

Period #1

1. Thrashers , Nik Antropov 15 (James Wisniewski, Ryan Malone) at 11:28
2. Sabres , Johan Franzen 9 (Kim Johnsson, Paul Gaustad) at 11:40

Penalties :
Ryan Callahan (ATL) for Roughing (Minor) at 2:01, Tuomo Ruutu (BUF) for Tripping (Minor) at 6:38, Dmitry Kulikov (BUF) for Roughing (Minor) at 9:21, Ryan Callahan (ATL) for Slashing (Minor) at 12:22, Mark Giordano (ATL) for Hooking (Minor) at 15:39, Victor Hedman (BUF) for Interference (Minor) at 18:33

Period #2

3. Thrashers , Sergei Gonchar 7 (Ryan Callahan, Mark Giordano) at 0:56

Penalties :
Marc Staal (ATL) for Interference (Minor) at 5:16, Luke Schenn (BUF) for Hooking (Minor) at 10:20

Period #3

4. Thrashers , Dave Bolland 3 (Rene Bourque, Ryan Suter) at 1:14
5. Sabres , Jeff Schultz 3 (Paul Gaustad, Marty Turco) at 5:19 (PP)
6. Thrashers , Martin Erat 7 (Ryan Callahan, Mark Giordano) at 6:37
7. Sabres , Karl Alzner 1 (Mike Richards, Tuomo Ruutu) at 7:21
8. Sabres , Johan Franzen 10 (Paul Gaustad, Kim Johnsson) at 7:45
9. Thrashers , Ryan Malone 6 (Dan Girardi, Brad Boyes) at 12:19 (SH)
10. Thrashers , Brian Rolston 2 (Rene Bourque, Dan Girardi) at 16:51 (PP)

Penalties :
Ryan Callahan (ATL) for High sticking (Minor) at 4:25, Brian Rolston (ATL) for Interference (Minor) at 8:32, Dmitry Kulikov (BUF) for Roughing (Minor) at 8:32, Tuomo Ruutu (BUF) for Hooking (Minor) at 10:16, Brenden Morrow (ATL) for Hooking (Minor) at 11:37, Joni Pitkanen (BUF) for Interference (Minor) at 15:45

Goalie Stats

Martin Biron (BUF), 2 saves from 3 shots - (0.667), 7:41 minutes
Marty Turco (BUF), 18 saves from 23 shots - (0.783), L, 25-11-6, 52:19 minutes
Roberto Luongo (ATL), 23 saves from 27 shots - (0.852), W, 22-14-1, 60:00 minutes

Players Stats

Sabres
Player Name              G  A  P  +/- PIM S  H  SB FO    MP 
------------------------------------------------------------
Brooks Laich             0  0  0  -2  0   1  0  0  10/14 22 
Devin Setoguchi          0  0  0  -1  0   4  1  0  1/1   13 
Dmitry Kulikov           0  0  0  -1  4   1  5  2  0/0   18 
Eric Fehr                0  0  0  -2  0   1  0  0  0/3   15 
James Neal               0  0  0  -2  0   2  0  0  2/7   21 
Jeff Schultz             1  0  1  -2  0   2  0  0  0/0   21 
Johan Franzen            2  0  2   1  0   4  0  0  1/2   19 
Joni Pitkanen            0  0  0  -2  2   0  0  1  0/0   21 
Karl Alzner              1  0  1  -1  0   2  0  0  0/0   21 
Kim Johnsson             0  2  2   1  0   2  0  0  0/0   19 
Luke Schenn              0  0  0   1  2   1  1  1  0/0   13 
Mark Mancari             0  0  0   0  0   0  0  0  0/0   0  
Mike Richards            0  1  1  -1  0   3  1  1  18/30 23 
Patrick Kaleta           0  0  0   1  0   1  2  0  1/1   15 
Paul Gaustad             0  3  3   1  0   1  0  1  6/10  17 
Rickard Wallin           0  0  0   0  0   0  0  0  1/6   4  
Tuomo Ruutu              0  1  1  -1  4   2  4  0  2/8   19 
Victor Hedman            0  0  0   0  2   0  0  0  0/0   4  
Thrashers
Player Name              G  A  P  +/- PIM S  H  SB FO    MP 
------------------------------------------------------------
Antoine Vermette         0  0  0   0  0   1  0  0  0/0   2  
Brad Boyes               0  1  1   1  0   0  0  0  8/19  23 
Brenden Morrow           0  0  0   0  2   3  1  0  5/10  17 
Brian Rolston            1  0  1   1  2   2  1  0  9/15  13 
Christian Ehrhoff        0  0  0   2  0   3  0  1  0/0   21 
Dan Girardi              0  2  2   0  0   0  0  1  0/0   3  
Dave Bolland             1  0  1   0  0   1  0  1  5/13  22 
James Wisniewski         0  1  1   0  0   0  1  3  0/0   15 
Marc Staal               0  0  0   0  2   0  0  0  0/0   11 
Mark Giordano            0  2  2   1  2   2  1  3  0/0   22 
Martin Erat              1  0  1   1  0   2  0  0  0/0   17 
Mike Ribeiro             0  0  0   1  0   0  0  0  1/3   4  
Nik Antropov             1  0  1   0  0   5  1  0  11/18 20 
Rene Bourque             0  2  2   1  0   0  0  0  0/0   15 
Ryan Callahan            0  2  2   1  6   1  1  1  0/2   21 
Ryan Malone              1  1  2  -1  0   2  1  0  1/2   15 
Ryan Suter               0  1  1   0  0   1  1  1  0/0   21 
Sergei Gonchar           1  0  1   1  0   3  1  0  0/0   24 

3 Stars

1 - Johan Franzen (BUF)
2 - Paul Gaustad (BUF)
3 - Ryan Malone (ATL)

Power Play

Sabres - 1 on 6 Attempt(s) - 16.67%
Thrashers - 1 on 6 Attempt(s) - 16.67%

Penalty Kill

Sabres - 5 on 6 Attempt(s) - 83.33% - Score 0 goal in Penalty Kill
Thrashers - 5 on 6 Attempt(s) - 83.33% - Score 1 goal in Penalty Kill

Game Notes

Martin Biron enters game at 12:19 of 3rd period

Finance

Level 1 -- Attendance: 5952 (99.20%) -- Ticket Income $535,680.00
Level 2 -- Attendance: 4965 (99.30%) -- Ticket Income $233,355.00
Level 3 -- Attendance: 3500 (100.00%) -- Ticket Income $105,000.00
Level 4 -- Attendance: 2409 (74.12%) -- Ticket Income $48,180.00
Luxury Box -- Attendance: 1000 (100.00%) -- Ticket Income $170,000.00
Game was played at the Philips Arena
Total Attendance: 17826 (95.07%)
Total Ticket Income: $1,177,613.00
Other Income: $198,795.00
Total Income: $1,376,408.00


Play by Play

Period #1

0:01 of 1st period - Mike Richards wins face-off versus Brad Boyes in neutral zone.
0:08 of 1st period - Shot by Martin Erat.
0:08 of 1st period - Shot Blocked by Dmitry Kulikov.
0:30 of 1st period - Shot by Tuomo Ruutu.
0:30 of 1st period - Shot Misses the Net.
0:32 of 1st period - Shot by Dmitry Kulikov.
0:32 of 1st period - Shot Blocked by Ryan Callahan.
0:36 of 1st period - Shot by Devin Setoguchi.
0:36 of 1st period - Stopped by Roberto Luongo without a rebound.
0:37 of 1st period - Brooks Laich wins face-off versus Brian Rolston in Thrashers zone.
0:43 of 1st period - Shot by Eric Fehr.
0:43 of 1st period - Stopped by Roberto Luongo with a rebound.
0:45 of 1st period - Shot by Brooks Laich.
0:45 of 1st period - Shot Misses the Net.
0:47 of 1st period - Shot by Brooks Laich.
0:47 of 1st period - Stopped by Roberto Luongo without a rebound.
0:48 of 1st period - Paul Gaustad wins face-off versus Nik Antropov in Thrashers zone.
1:26 of 1st period - Shot by Patrick Kaleta.
1:26 of 1st period - Shot Misses the Net.
2:01 of 1st period - Minor Penalty to Ryan Callahan for Roughing.
2:02 of 1st period - Brad Boyes wins face-off versus Mike Richards in Thrashers zone.
2:02 of 1st period - Brad Boyes is hit by Tuomo Ruutu.
3:49 of 1st period - Shot by Mike Richards.
3:49 of 1st period - Shot Blocked by Mark Giordano.
4:23 of 1st period - Shot by Johan Franzen.
4:23 of 1st period - Stopped by Roberto Luongo without a rebound.
4:24 of 1st period - Brad Boyes wins face-off versus Brooks Laich in Thrashers zone.
4:47 of 1st period - Shot by Ryan Callahan.
4:47 of 1st period - Shot Misses the Net.
5:03 of 1st period - Shot by Paul Gaustad.
5:03 of 1st period - Stopped by Roberto Luongo without a rebound.
5:04 of 1st period - Nik Antropov wins face-off versus Paul Gaustad in Thrashers zone.
5:39 of 1st period - Shot by Dave Bolland.
5:39 of 1st period - Shot Misses the Net.
6:10 of 1st period - Brooks Laich is hit by Ryan Malone and loses puck.
6:38 of 1st period - Minor Penalty to Tuomo Ruutu for Tripping.
6:39 of 1st period - Brad Boyes wins face-off versus Mike Richards in Sabres zone.
7:32 of 1st period - Icing by Mark Giordano.
7:33 of 1st period - Brad Boyes wins face-off versus Johan Franzen in Thrashers zone.
7:54 of 1st period - Icing by Christian Ehrhoff.
7:55 of 1st period - Mike Ribeiro wins face-off versus Mike Richards in Thrashers zone.
8:28 of 1st period - Shot by Christian Ehrhoff.
8:28 of 1st period - Shot Misses the Net.
8:40 of 1st period - Shot by Luke Schenn.
8:40 of 1st period - Stopped by Roberto Luongo with a rebound.
8:50 of 1st period - Shot by Johan Franzen.
8:50 of 1st period - Shot Misses the Net.
8:54 of 1st period - Shot by Kim Johnsson.
8:54 of 1st period - Stopped by Roberto Luongo without a rebound.
8:55 of 1st period - Paul Gaustad wins face-off versus Mike Ribeiro in Thrashers zone.
9:14 of 1st period - Icing by Karl Alzner.
9:15 of 1st period - Devin Setoguchi wins face-off versus Brian Rolston in Sabres zone.
9:17 of 1st period - Icing by Tuomo Ruutu.
9:18 of 1st period - Dave Bolland wins face-off versus Paul Gaustad in Sabres zone.
9:18 of 1st period - Dave Bolland is hit by Dmitry Kulikov.
9:21 of 1st period - Minor Penalty to Dmitry Kulikov for Roughing.
9:22 of 1st period - Dave Bolland wins face-off versus Tuomo Ruutu in Sabres zone.
9:35 of 1st period - Shot by Sergei Gonchar.
9:35 of 1st period - Stopped by Marty Turco with a rebound.
9:37 of 1st period - Shot by Mark Giordano.
9:37 of 1st period - Stopped by Marty Turco with a rebound.
9:57 of 1st period - Shot by Kim Johnsson.
9:57 of 1st period - Shot Blocked by Mark Giordano.
10:07 of 1st period - Icing by Sergei Gonchar.
10:08 of 1st period - Mike Richards wins face-off versus Dave Bolland in Thrashers zone.
10:26 of 1st period - Icing by Sergei Gonchar.
10:27 of 1st period - Dave Bolland wins face-off versus Tuomo Ruutu in Thrashers zone.
10:56 of 1st period - Shot by Brenden Morrow.
10:56 of 1st period - Stopped by Marty Turco without a rebound.
10:57 of 1st period - Nik Antropov wins face-off versus Mike Richards in Sabres zone.
11:00 of 1st period - Shot by Christian Ehrhoff.
11:00 of 1st period - Stopped by Marty Turco without a rebound.
11:01 of 1st period - Tuomo Ruutu wins face-off versus Nik Antropov in Sabres zone.
11:14 of 1st period - Shot by Nik Antropov.
11:14 of 1st period - Stopped by Marty Turco with a rebound.
11:16 of 1st period - Shot by Ryan Suter.
11:16 of 1st period - Shot Misses the Net.
11:18 of 1st period - Shot by Christian Ehrhoff.
11:18 of 1st period - Stopped by Marty Turco without a rebound.
11:19 of 1st period - Nik Antropov wins face-off versus James Neal in Sabres zone.
11:26 of 1st period - Shot by James Wisniewski.
11:26 of 1st period - Shot Misses the Net.
11:28 of 1st period - Shot by Nik Antropov.
11:28 of 1st period - Goal by Nik Antropov - Sabres : 0 - Thrashers : 1.
11:29 of 1st period - Paul Gaustad wins face-off versus Nik Antropov in neutral zone.
11:40 of 1st period - Shot by Johan Franzen.
11:40 of 1st period - Goal by Johan Franzen - Sabres : 1 - Thrashers : 1.
11:41 of 1st period - Brian Rolston wins face-off versus Eric Fehr in neutral zone.
11:44 of 1st period - Shot by Brian Rolston.
11:44 of 1st period - Stopped by Marty Turco without a rebound.
11:45 of 1st period - Brian Rolston wins face-off versus Mike Richards in Sabres zone.
11:50 of 1st period - Shot by Brenden Morrow.
11:50 of 1st period - Stopped by Marty Turco without a rebound.
11:51 of 1st period - Brad Boyes wins face-off versus Eric Fehr in Sabres zone.
11:54 of 1st period - Shot by Martin Erat.
11:54 of 1st period - Shot Misses the Net.
12:06 of 1st period - Shot by Ryan Callahan.
12:06 of 1st period - Shot Misses the Net.
12:22 of 1st period - Minor Penalty to Ryan Callahan for Slashing.
12:23 of 1st period - Mike Richards wins face-off versus Brenden Morrow in Thrashers zone.
14:13 of 1st period - Shot by Devin Setoguchi.
14:13 of 1st period - Deflect By Tuomo Ruutu.
14:13 of 1st period - Shot Blocked by James Wisniewski.
14:51 of 1st period - Shot by Ryan Callahan.
14:51 of 1st period - Deflect By Martin Erat.
14:51 of 1st period - Stopped by Marty Turco without a rebound.
14:52 of 1st period - Brian Rolston wins face-off versus Rickard Wallin in Sabres zone.
15:10 of 1st period - Off-side.
15:11 of 1st period - Brooks Laich wins face-off versus Ryan Callahan in neutral zone.
15:39 of 1st period - Minor Penalty to Mark Giordano for Hooking.
15:40 of 1st period - Mike Richards wins face-off versus Brenden Morrow in Thrashers zone.
16:45 of 1st period - Shot by Joni Pitkanen.
16:45 of 1st period - Shot Blocked by James Wisniewski.
16:47 of 1st period - Shot by Eric Fehr.
16:47 of 1st period - Deflect By James Neal.
16:47 of 1st period - Shot Blocked by Ryan Suter.
16:49 of 1st period - Shot by James Neal.
16:49 of 1st period - Shot Blocked by James Wisniewski.
17:00 of 1st period - Icing by Mike Richards.
17:01 of 1st period - Mike Richards wins face-off versus Dave Bolland in Sabres zone.
17:10 of 1st period - Shot by Kim Johnsson.
17:10 of 1st period - Stopped by Roberto Luongo with a rebound.
17:12 of 1st period - Shot by Patrick Kaleta.
17:12 of 1st period - Stopped by Roberto Luongo without a rebound.
17:13 of 1st period - Paul Gaustad wins face-off versus Nik Antropov in Thrashers zone.
17:19 of 1st period - Devin Setoguchi is hit by James Wisniewski and loses puck.
17:22 of 1st period - Shot by Dmitry Kulikov.
17:22 of 1st period - Stopped by Roberto Luongo without a rebound.
17:23 of 1st period - Brooks Laich wins face-off versus Dave Bolland in Thrashers zone.
18:05 of 1st period - Sergei Gonchar is hit by Luke Schenn and loses puck.
18:33 of 1st period - Minor Penalty to Victor Hedman for Interference.
18:34 of 1st period - Brenden Morrow wins face-off versus Mike Richards in Sabres zone.
18:51 of 1st period - Shot by Ryan Suter.
18:51 of 1st period - Deflect By Brenden Morrow.
18:51 of 1st period - Shot Misses the Net.
18:55 of 1st period - Shot by Christian Ehrhoff.
18:55 of 1st period - Shot Misses the Net.
19:58 of 1st period - Shot by Ryan Callahan.
19:58 of 1st period - Shot Misses the Net.

Period #2

0:01 of 2nd period - Mike Richards wins face-off versus Dave Bolland in neutral zone.
0:12 of 2nd period - Shot by Sergei Gonchar.
0:12 of 2nd period - Shot Blocked by Joni Pitkanen.
0:14 of 2nd period - Shot by Ryan Callahan.
0:14 of 2nd period - Stopped by Marty Turco without a rebound.
0:15 of 2nd period - Nik Antropov wins face-off versus Mike Richards in Sabres zone.
0:40 of 2nd period - Shot by Mark Giordano.
0:40 of 2nd period - Shot Misses the Net.
0:42 of 2nd period - Shot by Mark Giordano.
0:42 of 2nd period - Stopped by Marty Turco without a rebound.
0:43 of 2nd period - Brooks Laich wins face-off versus Brad Boyes in Sabres zone.
0:56 of 2nd period - Shot by Sergei Gonchar.
0:56 of 2nd period - Goal by Sergei Gonchar - Sabres : 1 - Thrashers : 2.
0:57 of 2nd period - Brian Rolston wins face-off versus Mike Richards in neutral zone.
1:10 of 2nd period - Shot by Brian Rolston.
1:10 of 2nd period - Shot Misses the Net.
1:24 of 2nd period - Shot by Devin Setoguchi.
1:24 of 2nd period - Stopped by Roberto Luongo with a rebound.
1:49 of 2nd period - Christian Ehrhoff is hit by Tuomo Ruutu and loses puck.
3:40 of 2nd period - Shot by Mike Richards.
3:40 of 2nd period - Stopped by Roberto Luongo with a rebound.
3:42 of 2nd period - Shot by Rickard Wallin.
3:42 of 2nd period - Shot Misses the Net.
4:07 of 2nd period - Icing by Victor Hedman.
4:08 of 2nd period - Nik Antropov wins face-off versus Rickard Wallin in Sabres zone.
4:15 of 2nd period - Shot by Ryan Malone.
4:15 of 2nd period - Stopped by Marty Turco with a rebound.
4:43 of 2nd period - Icing by Nik Antropov.
4:44 of 2nd period - Nik Antropov wins face-off versus Tuomo Ruutu in Thrashers zone.
5:15 of 2nd period - Shot by Tuomo Ruutu.
5:15 of 2nd period - Shot Blocked by Christian Ehrhoff.
5:16 of 2nd period - Minor Penalty to Marc Staal for Interference.
5:17 of 2nd period - Mike Richards wins face-off versus Brenden Morrow in Thrashers zone.
5:22 of 2nd period - Shot by Devin Setoguchi.
5:22 of 2nd period - Stopped by Roberto Luongo with a rebound.
5:56 of 2nd period - Icing by Brooks Laich.
5:57 of 2nd period - James Neal wins face-off versus Dave Bolland in Sabres zone.
6:39 of 2nd period - Icing by Devin Setoguchi.
6:40 of 2nd period - Johan Franzen wins face-off versus Brenden Morrow in Sabres zone.
7:38 of 2nd period - Shot by Mike Richards.
7:38 of 2nd period - Stopped by Roberto Luongo without a rebound.
7:39 of 2nd period - Brian Rolston wins face-off versus Rickard Wallin in Thrashers zone.
7:44 of 2nd period - Shot by Marc Staal.
7:44 of 2nd period - Shot Blocked by Mike Richards.
8:15 of 2nd period - Icing by Mike Richards.
8:16 of 2nd period - Rickard Wallin wins face-off versus Brad Boyes in Sabres zone.
8:16 of 2nd period - Rickard Wallin is hit by Ryan Callahan.
9:02 of 2nd period - Shot by James Wisniewski.
9:02 of 2nd period - Shot Blocked by Luke Schenn.
9:04 of 2nd period - Shot by Ryan Suter.
9:04 of 2nd period - Stopped by Marty Turco without a rebound.
9:05 of 2nd period - Brian Rolston wins face-off versus Tuomo Ruutu in Sabres zone.
9:19 of 2nd period - Shot by James Neal.
9:19 of 2nd period - Shot Misses the Net.
9:23 of 2nd period - Shot by Jeff Schultz.
9:23 of 2nd period - Shot Misses the Net.
9:27 of 2nd period - Shot by James Neal.
9:27 of 2nd period - Shot Misses the Net.
9:29 of 2nd period - Shot by James Neal.
9:29 of 2nd period - Stopped by Roberto Luongo with a rebound.
9:33 of 2nd period - Shot by Jeff Schultz.
9:33 of 2nd period - Stopped by Roberto Luongo without a rebound.
9:34 of 2nd period - Paul Gaustad wins face-off versus Brad Boyes in Thrashers zone.
10:14 of 2nd period - Icing by Mark Giordano.
10:15 of 2nd period - Brad Boyes wins face-off versus James Neal in Thrashers zone.
10:20 of 2nd period - Minor Penalty to Luke Schenn for Hooking.
10:21 of 2nd period - Nik Antropov wins face-off versus Brooks Laich in Sabres zone.
10:38 of 2nd period - Icing by Dave Bolland.
10:39 of 2nd period - Brenden Morrow wins face-off versus Tuomo Ruutu in Thrashers zone.
10:56 of 2nd period - Shot by Nik Antropov.
10:56 of 2nd period - Stopped by Marty Turco without a rebound.
10:57 of 2nd period - Mike Richards wins face-off versus Ryan Callahan in Sabres zone.
11:54 of 2nd period - Shot by Nik Antropov.
11:54 of 2nd period - Shot Blocked by Dmitry Kulikov.
13:50 of 2nd period - Tuomo Ruutu is hit by Ryan Suter and loses puck.
15:38 of 2nd period - Mike Ribeiro is hit by Dmitry Kulikov and loses puck.
16:00 of 2nd period - Icing by Dmitry Kulikov.
16:01 of 2nd period - Mike Richards wins face-off versus Mike Ribeiro in Sabres zone.
16:59 of 2nd period - Shot by Nik Antropov.
16:59 of 2nd period - Stopped by Marty Turco with a rebound.
17:21 of 2nd period - Shot by Paul Gaustad.
17:21 of 2nd period - Shot Misses the Net.
17:51 of 2nd period - Marc Staal is hit by Patrick Kaleta and loses puck.
19:07 of 2nd period - Shot by Rene Bourque.
19:07 of 2nd period - Shot Blocked by Paul Gaustad.
19:11 of 2nd period - Shot by Brenden Morrow.
19:11 of 2nd period - Shot Misses the Net.
19:13 of 2nd period - Shot by Antoine Vermette.
19:13 of 2nd period - Stopped by Marty Turco without a rebound.
19:14 of 2nd period - Nik Antropov wins face-off versus Mike Richards in Sabres zone.
19:14 of 2nd period - Nik Antropov is hit by Dmitry Kulikov.
19:24 of 2nd period - Nik Antropov is hit by Tuomo Ruutu and loses puck.
19:29 of 2nd period - Shot by Devin Setoguchi.
19:29 of 2nd period - Stopped by Roberto Luongo without a rebound.
19:30 of 2nd period - Brad Boyes wins face-off versus Rickard Wallin in Thrashers zone.
19:55 of 2nd period - Shot by Brooks Laich.
19:55 of 2nd period - Deflect By Mike Richards.
19:55 of 2nd period - Stopped by Roberto Luongo without a rebound.
19:56 of 2nd period - Brooks Laich wins face-off versus Brian Rolston in Thrashers zone.

Period #3

0:01 of 3rd period - Mike Richards wins face-off versus Brad Boyes in neutral zone.
1:08 of 3rd period - Shot by Christian Ehrhoff.
1:08 of 3rd period - Shot Misses the Net.
1:12 of 3rd period - Shot by Rene Bourque.
1:12 of 3rd period - Shot Misses the Net.
1:14 of 3rd period - Shot by Rene Bourque.
1:14 of 3rd period - Deflect By Dave Bolland.
1:14 of 3rd period - Goal by Dave Bolland - Sabres : 1 - Thrashers : 3.
1:15 of 3rd period - Brooks Laich wins face-off versus Nik Antropov in neutral zone.
1:47 of 3rd period - Shot by Nik Antropov.
1:47 of 3rd period - Stopped by Marty Turco with a rebound.
2:52 of 3rd period - Off-side.
2:53 of 3rd period - Nik Antropov wins face-off versus Rickard Wallin in neutral zone.
2:53 of 3rd period - Nik Antropov is hit by Mike Richards.
3:09 of 3rd period - Shot by Brooks Laich.
3:09 of 3rd period - Shot Blocked by Dave Bolland.
3:31 of 3rd period - Icing by Ryan Malone.
3:32 of 3rd period - Nik Antropov wins face-off versus Eric Fehr in Thrashers zone.
4:25 of 3rd period - Minor Penalty to Ryan Callahan for High sticking.
4:26 of 3rd period - Mike Richards wins face-off versus Brenden Morrow in Thrashers zone.
4:48 of 3rd period - Icing by Mike Richards.
4:49 of 3rd period - Brenden Morrow wins face-off versus Mike Richards in Sabres zone.
4:49 of 3rd period - Christian Ehrhoff is hit by Dmitry Kulikov and loses puck.
5:19 of 3rd period - Shot by Jeff Schultz.
5:19 of 3rd period - Goal by Jeff Schultz - Sabres : 2 - Thrashers : 3.
5:20 of 3rd period - Paul Gaustad wins face-off versus Brian Rolston in neutral zone.
5:27 of 3rd period - Shot by Tuomo Ruutu.
5:27 of 3rd period - Shot Misses the Net.
6:00 of 3rd period - Icing by Christian Ehrhoff.
6:01 of 3rd period - Brooks Laich wins face-off versus Brian Rolston in Thrashers zone.
6:31 of 3rd period - Icing by Joni Pitkanen.
6:32 of 3rd period - Brad Boyes wins face-off versus James Neal in Sabres zone.
6:35 of 3rd period - Shot by Mark Giordano.
6:35 of 3rd period - Shot Misses the Net.
6:37 of 3rd period - Shot by Ryan Callahan.
6:37 of 3rd period - Deflect By Martin Erat.
6:37 of 3rd period - Goal by Martin Erat - Sabres : 2 - Thrashers : 4.
6:38 of 3rd period - Mike Richards wins face-off versus Brad Boyes in neutral zone.
6:42 of 3rd period - Off-side.
6:43 of 3rd period - Patrick Kaleta wins face-off versus Brad Boyes in neutral zone.
6:57 of 3rd period - Icing by Sergei Gonchar.
6:58 of 3rd period - Mike Richards wins face-off versus Brad Boyes in Thrashers zone.
7:13 of 3rd period - Shot by Mike Richards.
7:13 of 3rd period - Deflect By Tuomo Ruutu.
7:13 of 3rd period - Shot Blocked by Mark Giordano.
7:15 of 3rd period - Shot by Tuomo Ruutu.
7:15 of 3rd period - Stopped by Roberto Luongo with a rebound.
7:17 of 3rd period - Shot by Tuomo Ruutu.
7:17 of 3rd period - Stopped by Roberto Luongo with a rebound.
7:19 of 3rd period - Shot by Mike Richards.
7:19 of 3rd period - Shot Misses the Net.
7:21 of 3rd period - Shot by Karl Alzner.
7:21 of 3rd period - Goal by Karl Alzner - Sabres : 3 - Thrashers : 4.
7:22 of 3rd period - Nik Antropov wins face-off versus Paul Gaustad in neutral zone.
7:29 of 3rd period - Johan Franzen is hit by Nik Antropov and loses puck.
7:36 of 3rd period - Ryan Suter is hit by Patrick Kaleta and loses puck.
7:45 of 3rd period - Shot by Paul Gaustad.
7:45 of 3rd period - Deflect By Johan Franzen.
7:45 of 3rd period - Goal by Johan Franzen - Sabres : 4 - Thrashers : 4.
7:46 of 3rd period - Brian Rolston wins face-off versus Brooks Laich in neutral zone.
8:32 of 3rd period - Minor Penalty to Brian Rolston for Interference.
8:32 of 3rd period - Minor Penalty to Dmitry Kulikov for Roughing.
8:33 of 3rd period - Mike Richards wins face-off versus Brad Boyes in Sabres zone.
9:01 of 3rd period - Off-side.
9:02 of 3rd period - Brenden Morrow wins face-off versus Tuomo Ruutu in neutral zone.
9:17 of 3rd period - Shot by Sergei Gonchar.
9:17 of 3rd period - Stopped by Marty Turco without a rebound.
9:18 of 3rd period - Mike Richards wins face-off versus Dave Bolland in Sabres zone.
9:25 of 3rd period - Shot by Mike Richards.
9:25 of 3rd period - Deflect By Brooks Laich.
9:25 of 3rd period - Shot Misses the Net.
9:27 of 3rd period - Shot by Karl Alzner.
9:27 of 3rd period - Stopped by Roberto Luongo without a rebound.
9:28 of 3rd period - Brenden Morrow wins face-off versus Mike Richards in Thrashers zone.
10:16 of 3rd period - Minor Penalty to Tuomo Ruutu for Hooking.
10:17 of 3rd period - Dave Bolland wins face-off versus James Neal in Sabres zone.
11:37 of 3rd period - Minor Penalty to Brenden Morrow for Hooking.
11:38 of 3rd period - Ryan Malone wins face-off versus Brooks Laich in Thrashers zone.
11:40 of 3rd period - Icing by Brad Boyes.
11:41 of 3rd period - Brooks Laich wins face-off versus Ryan Malone in Thrashers zone.
11:42 of 3rd period - Shot by Kim Johnsson.
11:42 of 3rd period - Shot Misses the Net.
11:58 of 3rd period - Shot by James Neal.
11:58 of 3rd period - Deflect By Brooks Laich.
11:58 of 3rd period - Shot Blocked by Dan Girardi.
12:19 of 3rd period - Shot by Ryan Malone.
12:19 of 3rd period - Goal by Ryan Malone - Sabres : 4 - Thrashers : 5.
12:19 of 3rd period - Martin Biron enters game.
12:20 of 3rd period - Mike Richards wins face-off versus Dave Bolland in neutral zone.
12:23 of 3rd period - Christian Ehrhoff is hit by Devin Setoguchi and loses puck.
12:39 of 3rd period - Icing by Tuomo Ruutu.
12:40 of 3rd period - Dave Bolland wins face-off versus Mike Richards in Sabres zone.
12:40 of 3rd period - James Wisniewski is hit by Dmitry Kulikov and loses puck.
12:49 of 3rd period - James Wisniewski is hit by Tuomo Ruutu and loses puck.
13:36 of 3rd period - Shot by Devin Setoguchi.
13:36 of 3rd period - Shot Misses the Net.
14:01 of 3rd period - Shot by Johan Franzen.
14:01 of 3rd period - Stopped by Roberto Luongo without a rebound.
14:02 of 3rd period - Brian Rolston wins face-off versus James Neal in Thrashers zone.
14:16 of 3rd period - Icing by Karl Alzner.
14:17 of 3rd period - James Neal wins face-off versus Brad Boyes in Sabres zone.
15:00 of 3rd period - Kim Johnsson is hit by Mark Giordano and loses puck.
15:45 of 3rd period - Minor Penalty to Joni Pitkanen for Interference.
15:46 of 3rd period - Mike Richards wins face-off versus Nik Antropov in Sabres zone.
15:46 of 3rd period - Mike Richards is hit by Brenden Morrow.
16:00 of 3rd period - Shot by Christian Ehrhoff.
16:00 of 3rd period - Stopped by Martin Biron without a rebound.
16:01 of 3rd period - Tuomo Ruutu wins face-off versus Nik Antropov in Sabres zone.
16:45 of 3rd period - Shot by Ryan Malone.
16:45 of 3rd period - Shot Misses the Net.
16:47 of 3rd period - Shot by Dan Girardi.
16:47 of 3rd period - Shot Misses the Net.
16:49 of 3rd period - Shot by Rene Bourque.
16:49 of 3rd period - Shot Misses the Net.
16:51 of 3rd period - Shot by Brian Rolston.
16:51 of 3rd period - Goal by Brian Rolston - Sabres : 4 - Thrashers : 6.
16:52 of 3rd period - Brian Rolston wins face-off versus Paul Gaustad in neutral zone.
17:46 of 3rd period - Shot by Brenden Morrow.
17:46 of 3rd period - Stopped by Martin Biron without a rebound.
17:47 of 3rd period - Mike Richards wins face-off versus Dave Bolland in Sabres zone.
17:59 of 3rd period - Icing by Mark Giordano.
18:00 of 3rd period - Brooks Laich wins face-off versus Brian Rolston in Thrashers zone.
18:05 of 3rd period - Shot by Mike Richards.
18:05 of 3rd period - Deflect By James Neal.
18:05 of 3rd period - Stopped by Roberto Luongo without a rebound.
18:06 of 3rd period - Brooks Laich wins face-off versus Brad Boyes in Thrashers zone.
18:06 of 3rd period - Brooks Laich is hit by Sergei Gonchar.
18:57 of 3rd period - Joni Pitkanen is hit by Brian Rolston.
19:29 of 3rd period - Shot by Patrick Kaleta.
19:29 of 3rd period - Shot Misses the Net.
19:46 of 3rd period - Shot by Mike Richards.
19:46 of 3rd period - Shot Misses the Net.


Output by the SimonT Hockey Simulator (STHS) for Stephane Roy -- Original Page W3C XHTML 1.0 Valid